 Dungeon Crawl Stone Soup version 0.21-a0-122-g43b3ea6 (webtiles) character file.

231 Monsterracer the Cudgeler (level 6, -1/37 HPs)
             Began as a Tengu Fighter on July 13, 2017.
             Slain by an iguana (4 damage)
             ... on level 3 of the Dungeon.
             The game lasted 00:05:02 (3219 turns).

Monsterracer the Cudgeler (Tengu Fighter)           Turns: 3219, Time: 00:05:03

Health: -1/37      AC: 10    Str: 16    XL:     6   Next: 3%
Magic:  4/7        EV:  5    Int:  8    God:
Gold:   123        SH:  9    Dex: 16    Spells: 5/5 levels left

rFire    . . .     SeeInvis +   a - +0 flail
rCold    . . .     Gourm    .   c - +0 shield
rNeg     . . .     Faith    .   p - +1 chain mail
rPois    .         Spirit   .   (helmet restricted)
rElec    .         Reflect  .   (no cloak)
rCorr    .         Harm     .   (no gloves)
MR       .....                  (boots unavailable)
Stlth    ..........             (no amulet)
HPRegen  0.12/turn              s - ring of see invisible
MPRegen  0.10/turn              (no ring)

@: flying quickly and evasively, quick
A: beak, talons 3, able to fly 1
a: no special abilities


You were on level 3 of the Dungeon.
You were hungry.

You visited 1 branch of the dungeon, and saw 4 of its levels.

You collected 123 gold pieces.

Inventory:

Hand Weapons
 a - a +0 flail (weapon)
Armour
 c - a +0 shield (worn)
 p - a +1 chain mail (worn)
Jewellery
 s - a ring of see invisible (left hand)
Wands
 i - a wand of lightning (11/15)
 q - a wand of flame (10/48)
Scrolls
 b - 3 scrolls of teleportation
 g - 2 scrolls of fog
 l - a scroll of magic mapping
 o - a scroll of identify
Potions
 d - 2 potions of might
 e - a potion of degeneration {unknown}
 h - 2 potions of magic {unknown}
 j - a potion of agility {unknown}
 m - a potion of haste {unknown}
 n - 2 potions of flight {unknown}
 r - a potion of curing {unknown}
Comestibles
 f - 2 bread rations
 k - 19 fruits
 t - a royal jelly
 u - a meat ration


   Skills:
 + Level 3.1 Fighting
 * Level 6.3 Maces & Flails
 + Level 3.4 Armour
 + Level 0.9 Dodging
 + Level 3.1 Shields


You had 5 spell levels left.
You didn't know any spells.

Dungeon Overview and Level Annotations

Branches:
Dungeon (4/15)
 Temple: D:4-7

Altars:
Gozag
Nemelex Xobeh

Annotations:
D:4 Grinder


Innate Abilities, Weirdness & Mutations

You have a beak for a mouth.
You have claws for feet.
You can fly.


Message History

You hit the iguana. You claw the iguana. You peck the iguana, but do no damage.
The iguana is severely wounded.
You block the iguana's attack.
You closely miss the iguana.
The iguana is severely wounded.
You block the iguana's attack.
Your chain mail prevents you from hitting the iguana.
You claw the iguana, but do no damage.
The iguana is severely wounded.
The iguana bites you!
* * * LOW HITPOINT WARNING * * *
Huge Dmg: -27%(-10hp) hp: 6%(2hp)
The iguana barely misses you.
You swoop lightly up into the air.
You feel very comfortable in the air.
You are feeling hungry.
Your shield prevents you from hitting the iguana.
You claw the iguana, but do no damage.
The iguana is severely wounded.
The iguana bites you.
You die...

###### #....# #....# #....#
######### #<...# ##...#...##
#....# ##.........##
#....######...........#
#...>.......l@..#.#...#
#....######......_....# #......#
#.....#.#..#########
#>...#.######...#............. ##
######...##############..(....
.##########.##...#########.##....
........................)[)..(###
.###########...#.###########..(##
.# ###...### ###...


You could see an iguana.

Vanquished Creatures
  A crimson imp (D:3)
  Jessica (D:2)
  Ijyb (D:3)
  Natasha (D:2)
  3 adders
  An ooze (D:2)
  A worm (D:3)
  A dart slug (D:3)
  A leopard gecko (D:1)
  7 orcs (D:3)
  A ball python (D:1)
  4 giant cockroaches
  7 goblins
  6 hobgoblins
  A quokka (D:3)
  5 bats
  A frilled lizard (D:1)
  6 kobolds
  6 rats
55 creatures vanquished.

Vanquished Creatures (others)
  An orc wizard (D:3)
1 creature vanquished.

Grand Total: 56 creatures vanquished

Notes
Turn   | Place    | Note
-------+----------+-------------------------------------------
     0 | D:1      | Monsterracer the Tengu Fighter began the quest for the Orb.
     0 | D:1      | Reached XP level 1. HP: 14/14 MP: 2/2
   264 | D:1      | Reached skill level 3 in Maces & Flails
   264 | D:1      | Reached XP level 2. HP: 13/19 MP: 3/3
  1154 | D:2      | Reached skill level 4 in Maces & Flails
  1154 | D:2      | Reached XP level 3. HP: 13/23 MP: 4/4
  1459 | D:2      | Noticed Natasha
  1466 | D:2      | Killed Natasha
  1466 | D:2      | Reached XP level 4. HP: 28/28 MP: 5/5
  1493 | D:2      | Noticed Jessica
  1495 | D:2      | Killed Jessica
  1495 | D:2      | Reached skill level 5 in Maces & Flails
  1952 | D:3      | Found an opulent altar of Gozag.
  1976 | D:3      | Noticed Ijyb
  1998 | D:3      | Gained mutation: You can fly. [Tengu growth]
  1998 | D:3      | Reached XP level 5. HP: 9/32 MP: 6/6
  2456 | D:3      | Killed Ijyb
  2456 | D:3      | Reached skill level 6 in Maces & Flails
  2647 | D:3      | Found a sparkling altar of Nemelex Xobeh.
  3042 | D:3      | Reached XP level 6. HP: 30/37 MP: 7/7
  3194 | D:4      | Noticed Grinder
  3219 | D:3      | Slain by an iguana

Vault maps used:
D:1:      scummos_arrival_hexagon, minivault_27
D:2:      first_bread, serial_aquarium, aquarium_bridge_square,
          aquarium_window_corridor_2, aquarium_window_1, aquarium_view_2d,
          aquarium_view_2e, aquarium_pool_five, dk_vineyard_2, uniq_natasha,
          uniq_jessica
D:3:      lemuel_crystal_altar, lemuel_doored_altar, kennysheep_generic_room_4,
          uniq_ijyb
D:4:      uniq_grinder

Skill      XL: |  1  2  3  4  5 |
---------------+----------------+-----
Maces & Flails | 3 4 5 6 |  6.3
Fighting       | |  3.1
Armour         | |  3.4
Dodging        | |  0.9
Shields        | |  3.1

Action                   |  1- 3 |  4- 6 || total
-------------------------+-------+-------++-------
Melee: Flail             |    53 |   135 ||   188
       Kick              |     9 |    25 ||    34
       Peck              |     5 |    21 ||    26
 Abil: Fly               |       |     1 ||     1
  Use: Scroll            |       |     9 ||     9
  Eat: Chunk             |     1 |     6 ||     7
Armor: Scale mail        |    19 |       ||    19
       Chain mail        |     7 |    55 ||    62
Dodge: Dodged            |     8 |    16 ||    24
Block: Shield            |    16 |    64 ||    80
